 Dungeon Crawl Stone Soup version 0.16-a0-791-gf1c67de (webtiles) character file.

235550 Kashira the Acrobat (level 18, -2/102 HPs)
             Began as a Felid Berserker on Sept 28, 2014.
             Was a High Priest of Trog.
             Slain by an ettin
             ... wielding a +0 dire flail
              (34 damage)
             ... on Level 2 of the Depths.
             The game lasted 04:57:55 (76071 turns).

Kashira the Acrobat (Felid Berserker)              Turns: 76071, Time: 04:57:55

HP  -2/102       AC  5     Str 11 (13) XL: 18   Next: 91%
MP   0/32        EV 40     Int 12 (13) God: Trog [*****.]
Gold 2045        SH  0     Dex 21 (22) Spells:  0 memorised, 17 levels left
Lives: 0, deaths: 5

rFire  + . .     SeeInvis +       - Unarmed
rCold  + . .     Clarity  .     (armour unavailable)
rNeg   . . .     rCorr    .     (shield unavailable)
rPois  .         rRot     .     (helmet unavailable)
rElec  .         Spirit   +     (cloak unavailable)
SustAb .         Warding  .     (gloves unavailable)
rMut   .         Stasis   .     (boots unavailable)
Gourm  .                        J - amulet of guardian spirit
MR     ++...                    k - ring of Vanity {+Fly rF+ Int+1}
                                j - ring of stealth

@: exhausted, slowed, slow, very resistant to hostile enchantments, uncannily
stealthy
A: paw claws, no armour, no weapons or thrown items, fangs 3, slimy green scales
1, see invisible, breathe flames 1, carnivore 3, clever 1, speed 1, sense
surroundings 1, robust 1, shaggy fur 3, slow healing 1, slow metabolism 1, jump
3, forlorn
a: Jump Attack, Burn Spellbooks, Berserk, Trog's Hand, Brothers in Arms,
Renounce Religion, Breathe Fire, Evoke Flight
}: 1/15 runes: barnacled


You were on level 2 of the Depths.
You worshipped Trog.
Trog was extremely pleased with you.
You were not hungry.

You visited 9 branches of the dungeon, and saw 42 of its levels.
You also visited: Labyrinth and Volcano.

You collected 5184 gold pieces.
You spent 3139 gold pieces at shops.

Inventory:

Magical devices
 l - a wand of disintegration (6)
 n - a wand of paralysis (12)
 o - a wand of confusion (6)
 t - a wand of draining (0)
 x - a wand of slowing (12)
 F - a wand of lightning (5)
 G - a wand of disintegration (2)
 L - a wand of digging (10)
 O - a wand of heal wounds (0)
 P - a wand of random effects (6)
Comestibles
 c - 21 meat rations
 s - 2 beef jerkies
 v - 3 royal jellies
Scrolls
 b - 2 scrolls of silence
 d - 7 scrolls of identify
 B - 12 scrolls of teleportation
 H - a scroll of blinking
 M - a scroll of magic mapping
 N - 3 scrolls of recharging
 X - 3 scrolls of torment {unknown}
Jewellery
 f - an uncursed ring of see invisible {unknown}
 j - a ring of stealth (left paw)
 k - the ring of Vanity (right paw) {+Fly rF+ Int+1}
   (You found it on level 5 of the Dungeon)

   [ring of intelligence]

   It affects your intelligence (+1).
   It protects you from fire.
   It lets you fly.
 m - an uncursed ring of ice
 p - an uncursed amulet of resist mutation
 y - an uncursed ring of ice
 z - an uncursed amulet of resist corrosion
 C - an uncursed ring of protection from fire
 D - an uncursed ring of invisibility
 E - an uncursed amulet of warding
 J - an amulet of guardian spirit (around neck)
Potions
 a - 4 potions of haste
 e - 2 potions of cancellation
 h - 5 potions of might
 q - 6 potions of agility
 r - 2 potions of resistance
 u - 2 potions of restore abilities
 w - 2 potions of brilliance
 Z - 9 potions of curing
Books
 K - a book of Envenomations

   Spells                             Type                      Level
   Spider Form                        Transmutation/Poison         3
   Alistair's Intoxication            Transmutation/Poison         4
   Olgreb's Toxic Radiance            Poison                       4
   Poisonous Cloud                    Conjuration/Poison/Air       6
   Trog disapproves of the use of such an item.
Miscellaneous
 i - a fan of gales (inert)
 A - a plain deck of changes {Focus}
 Q - a box of beasts
 U - a fan of gales (inert)


   Skills:
 + Level 17.7 Fighting
 - Level 24.0 Dodging
 - Level 21.2 Stealth
 + Level 22.0 Unarmed Combat
 - Level 8.3 Evocations


You had 17 spell levels left.
You didn't know any spells.

Dungeon Overview and Level Annotations

Branches:
Dungeon (15/15)            Temple (0/1) D:4             Orc (4/4) D:11
    Elf (2/3) Orc:4          Lair (8/8) D:8          Shoals (5/5) Lair:4
 Spider (1/5) Lair:3        Slime (1/6) Lair:6       Vaults (4/5) D:14
  Crypt (0/3) Vaults:2     Depths (2/5) D:15

Altars:
Cheibriados
Dithmenos
Elyvilon
Fedhas
Gozag
Kikubaaqudgha
Nemelex Xobeh
Ru
Trog
Vehumet
Xom
Yredelemnul
Zin
The Shining One
Beogh
Jiyva

Shops:
D:4 *   D:5 (   D:8 :   D:12 (   D:13 [   D:14 ?*[*!   D:15 ?   Orc:4 =*!*[
Shoals:2 ([}**   Shoals:3 :   Depths:2 =%[

Portals:
Bazaar: Vaults:2

Annotations:
Lair:2 exclusion: oklob plant
Shoals:5 Ilsuiw


Innate Abilities, Weirdness & Mutations

You cannot wear armour.
You are incapable of wielding weapons or throwing items.
Your paws have sharp claws.
You have razor-sharp teeth.
You have supernaturally acute eyesight.
You are carnivorous and can eat meat at any time.
You cover ground quickly.
Your thick and shaggy fur keeps you warm (AC +3, rC+).
You have a slow metabolism.
You can jump attack at a long distance.
You are partially covered in slimy green scales (AC +2).
You can breathe flames.
Your mind is acute. (Int +2)
You passively map a small area around you.
You are robust (+10% HP).
You heal slowly when monsters are visible.
You have difficulty communicating with the divine.


Message History

You mangle the ettin!!
The ettin is heavily wounded.
Your unstable footing causes you to fumble your attack.
The ettin completely misses you. x2
You barely miss the ettin. You claw the ettin.
The ettin is heavily wounded.
Your unstable footing causes you to fumble your attack.
You are no longer berserk.
You are exhausted.
You feel yourself slow down.
You barely miss the ettin.
The ettin is heavily wounded.
The ettin completely misses you. The ettin misses you.
You claw the ettin!
The ettin is severely wounded.
The ettin completely misses you. The ettin misses you.
You mangle the ettin!!
The ettin is almost dead.
The ettin hits you with a dire flail!!!
You die...

...# *#..##..##....#
...# *#..##..##?...#
...# , #..##..##..!.#
...# #..##..##....#
...# , #..##..##....#
...# #....)[##....#
...# , ##....###....#
...## ########...(#
..).# #@C...# ....##
##.....# .....###
###.)....#
.......######...%....#
....................##
....................#
#..................##
###..............###
################


You could see an ettin (bleeding).

Vanquished Creatures
  2 liches
  3 tentacled monstrosities
  A titan (Vaults:4)
  3 sphinxes
  2 tengu reavers
  5 frost giants
  Donald (Shoals:1)
  Wiglaf (Vaults:2)
  10 vault wardens
  6 fire giants
  3 deep elf sorcerers
  2 emperor scorpions (Depths:2)
  An orc warlord (Vaults:3)
  11 stone giants
  2 war gargoyles
  10 very ugly things
  The ghost of Kashira the Eclecticist, a powerful FeIE of Kikubaaqudgha (Vaults:1)
  A deep elf annihilator (Elf:1)
  A vampire knight (Depths:2)
  5 dire elephants
  5 ettins
  4 merfolk javelineers
  A deep elf death mage (Vaults:1)
  3 merfolk impalers
  A crystal guardian (Vaults:4)
  17 vault guards
  3 minotaurs
  12 yaktaur captains
  8 great orbs of eyes
  4 hydras
  7 fire dragons
  2 ice dragons
  13 ironheart preservers
  A spriggan air mage (Depths:2)
  Harold (Elf:1)
  Nessos (Shoals:1)
  13 ogre magi
  3 sirens
  A ravenous feature mimic (Vaults:4)
  10 centaur warriors
  22 death yaks
  2 dancing weapons (Elf:2)
  4 merfolk aquamancers
  2 tengu warriors
  6 deep troll shamans
  5 deep troll earth magi
  A spriggan berserker (Depths:2)
  2 vampire magi (Depths:2)
  A catoblepas (Depths:1)
  3 fire crabs
  4 orc high priests (Orc:4)
  9 deep elf knights
  An iron troll (Depths:1)
  5 wizards
  20 deep trolls
  5 large abominations (Elf:1)
  A salamander mystic (Volcano)
  A deep troll (shapeshifter) (Depths:2)
  3 flayed ghosts
  10 sea snakes
  An orb spider (shapeshifter) (D:14)
  A sea snake (shapeshifter) (Vaults:4)
  A shadow wraith (Vaults:2)
  3 deep elf summoners
  3 giant orange brains
  3 unseen horrors
  11 ironbrand convokers
  2 lindwurms (Lair:8)
  5 hill giants
  A wolf spider zombie (D:13)
  20 harpies
  5 wolf spiders
  3 orc sorcerers
  45 ugly things
  18 orc knights
  2 necromancers (Depths:1)
  10 cyclopes
  2 oklob plants (Lair:2)
  A phantasmal warrior (Vaults:4)
  A salamander (shapeshifter) (Depths:2)
  A faun (Shoals:1)
  3 red wasps
  12 deep elf conjurers
  An iron dragon zombie (Depths:1)
  15 griffons
  12 manticores
  A water nymph (shapeshifter) (Depths:2)
  5 salamanders (Volcano)
  A draconian (shapeshifter) (Vaults:1)
  Maurice (Orc:1)
  13 vault sentinels
  2 molten gargoyles (Volcano)
  14 mermaids
  A dire elephant zombie (Depths:1)
  2 water nymphs
  A fire giant skeleton (Depths:1)
  7 elephants
  2 torpor snails
  7 black mambas
  Psyche (D:8)
  A yaktaur zombie (Depths:1)
  2 kobold demonologists
  A komodo dragon (shapeshifter) (Vaults:3)
  An item mimic (Lair:8)
  7 spiny frogs
  28 yaktaurs
  3 tengu conjurers
  8 small abominations (Elf:1)
  16 fire drakes
  14 komodo dragons
  2 elves (shapeshifter)
  4 trolls
  Grinder (D:6)
  23 blink frogs
  12 freezing wraiths
  32 merfolk
  A wind drake (shapeshifter) (Vaults:1)
  A baby alligator (shapeshifter) (Vaults:2)
  26 two-headed ogres
  A fire drake (shapeshifter) (Depths:1)
  2 jumping spiders (Spider:1)
  11 deep elf priests
  A queen bee (shapeshifter) (Depths:2)
  A red wasp zombie (D:15)
  3 giant leeches (Lair:8)
  29 slime creatures
  8 ravens
  2 human simulacra
  An ettin zombie (Depths:1)
  A sphinx simulacrum (Vaults:3)
  3 basilisks
  A boulder beetle (Vaults:4)
  7 snapping turtles
  3 trapdoor spiders
  4 wraiths
  A redback (shapeshifter) (Elf:1)
  10 redbacks
  6 water elementals
  A shadow (D:14)
  41 yaks
  An elf zombie (Depths:1)
  17 deep elf magi
  7 tarantellas
  9 wyverns
  2 vampires
  23 vampire mosquitoes
  2 hill giant skeletons
  A yaktaur simulacrum (Depths:1)
  18 hippogriffs
  4 steam dragons
  25 deep elf fighters
  A human (shapeshifter) (Vaults:3)
  4 hungry ghosts (Lab)
  3 wargs
  A hippogriff (shapeshifter) (Vaults:3)
  3 wolves (Orc:1)
  4 mottled dragons
  11 water moccasins
  8 porcupines
  A soldier ant (D:12)
  A yellow wasp (D:10)
  5 sky beasts
  2 ice beasts
  41 orc warriors
  A spider (shapeshifter) (Vaults:4)
  10 spiders
  4 boggarts
  2 phantoms
  2 swamp drakes (Lair:8)
  A spriggan simulacrum (Depths:1)
  2 boring beetles (Lair:8)
  11 crocodiles
  52 ogres
  11 centaurs
  Sigmund (D:5)
  Duvessa (D:5)
  5 brain worms
  A big kobold (D:11)
  A gnoll sergeant (D:8)
  A cyclops zombie (D:14)
  18 giant frogs
  A wyvern zombie (D:14)
  2 scorpions
  A killer bee (D:8)
  A cyclops skeleton (D:8)
  4 electric eels
  A vampire bat (Lair:6)
  A yak skeleton (D:10)
  A goliath beetle (D:6)
  Dowan (D:5)
  5 jellies
  A quasit (D:6)
  7 crimson imps
  14 iguanas
  48 orc priests
  4 giant frog skeletons
  4 orange rats
  2 centaur skeletons
  A gnoll shaman (D:7)
  12 worker ants
  Natasha (twice) (D:4)
  37 orc wizards
  11 hounds
  26 sheep
  A hound skeleton (D:7)
  5 gnolls
  A mummy (D:8)
  An orc zombie (D:7)
  32 adders
  50 green rats
  18 worms
  2 giant mites
  An ufetubus (D:14)
  2 adder skeletons (D:8)
  An iguana skeleton (D:9)
  5 giant geckos
  4 oozes
  164 orcs
  15 bats
  3 giant cockroaches
  24 hobgoblins
  13 jackals
  24 kobolds
  12 quokkas
  3 ball pythons
  2 giant newts
  A giant spore (D:12)
  23 goblins
  3 orc skeletons
  14 rats
  A rat skeleton (D:6)
  5 ballistomycetes
  A butterfly (Lair:7)
  3 plants
1787 creatures vanquished.

Vanquished Creatures (collateral kills)
  Polyphemus (Shoals:5)
  Roxanne (Shoals:1)
  5 vault wardens
  Gastronok (Orc:1)
  A very ugly thing (Vaults:2)
  A deep elf annihilator (Vaults:2)
  2 ettins
  A deep elf death mage (Vaults:2)
  3 merfolk javelineers
  A merfolk impaler (Shoals:5)
  5 vault guards
  An ice dragon (Depths:2)
  2 ogre magi (Vaults:1)
  7 hydras
  2 sirens
  A centaur warrior (D:15)
  A merfolk aquamancer (Shoals:5)
  An alligator snapping turtle (Shoals:5)
  3 death yaks
  An orc high priest (Orc:4)
  A hell knight (Depths:2)
  Urug (Orc:4)
  2 catoblepae
  2 sea snakes (Shoals:1)
  2 deep elf knights (Vaults:1)
  An ice statue (Elf:1)
  2 ironbrand convokers (Vaults:1)
  A deep elf summoner (Elf:1)
  A harpy (Shoals:2)
  2 oklob plants (Lair:2)
  A manticore (Shoals:1)
  A cyclops (Vaults:1)
  6 orc knights
  13 fauns
  2 griffons
  A mermaid (Shoals:3)
  A vault sentinel (Vaults:2)
  A drowned soul (Shoals:5)
  A black mamba (Lair:6)
  A water nymph (Shoals:5)
  An octopode (shapeshifter) (D:14)
  2 yaktaurs
  A fire drake (Lair:7)
  4 trolls
  A wind drake (Shoals:5)
  8 merfolk
  2 two-headed ogres
  2 freezing wraiths (D:15)
  4 blink frogs (Lair:7)
  4 basilisks
  4 slime creatures
  3 snapping turtles (Shoals:1)
  A wyvern (Lair:7)
  4 water elementals
  6 yaks
  3 hippogriffs
  A deep elf mage (Vaults:1)
  Grum (Orc:1)
  3 deep elf fighters
  2 water moccasins
  7 orc warriors
  2 boggarts (Vaults:1)
  An ice beast (D:7)
  7 ogres
  8 centaurs
  2 crocodiles (Lair:5)
  A giant frog (Lair:4)
  A tengu zombie (D:14)
  A troll skeleton (D:8)
  An orc priest (Orc:4)
  3 iguanas (Lair:3)
  5 orange rats (Lair:5)
  2 sheep (Vaults:2)
  A worker ant zombie (D:11)
  5 orcs
  3 plants (Shoals:2)
191 creatures vanquished.

Vanquished Creatures (others)
  A vampire knight (Depths:1)
  2 deep trolls
  A hill giant (Shoals:5)
  2 harpies (Shoals:3)
  A red wasp (Vaults:4)
  2 air elementals
  10 drowned souls
  2 polar bears (Vaults:3)
  7 trolls
  5 two-headed ogres
  A boulder beetle (Vaults:4)
  A raven (D:15)
  A basilisk (Lair:8)
  A boggart (Depths:2)
  18 ogres
  A lost soul (Vaults:2)
  A gnoll (D:7)
  An orc (Orc:4)
  A giant spore (D:7)
  A bush (Lair:8)
  8 fungi
  22 plants
90 creatures vanquished.

Grand Total: 2068 creatures vanquished

Notes
Turn   | Place    | Note
--------------------------------------------------------------
     0 | D:1      | Kashira, the Felid Berserker, began the quest for the Orb.
     0 | D:1      | Reached XP level 1. HP: 10/10 MP: 2/2
   251 | D:1      | Reached XP level 2. HP: 14/14 MP: 3/3
  1211 | D:2      | Reached XP level 3. HP: 17/17 MP: 5/5
  1372 | D:2      | Reached skill level 5 in Dodging
  1372 | D:2      | Reached skill level 1 in Stealth
  1451 | D:2      | Acquired Trog's second power
  1497 | D:2      | Reached XP level 4. HP: 14/21 MP: 7/7
  2006 | D:2      | Found an opulent altar of Gozag.
  2394 | D:3      | HP: 1/33 [poisoned by an adder]
  2936 | D:3      | Found a glowing silver altar of Zin.
  3073 | D:3      | Found a sparkling altar of Nemelex Xobeh.
  3184 | D:4      | Noticed Natasha
  3196 | D:4      | Killed Natasha
  3196 | D:4      | Reached XP level 5. HP: 25/25 MP: 8/8
  3584 | D:4      | Reached skill level 6 in Dodging
  3722 | D:4      | Noticed a phantom
  3943 | D:4      | Found a staircase to the Ecumenical Temple.
  3981 | D:4      | Noticed Natasha
  3984 | D:4      | Killed Natasha
  4396 | D:4      | Gained mutation: You are covered in thick fur (AC +2). [growing up]
  4396 | D:4      | Gained mutation: You can jump attack at a medium distance. [growing up]
  4396 | D:4      | Reached XP level 6. HP: 24/28 MP: 10/10
  4624 | D:4      | Found a shadowy altar of Dithmenos.
  4902 | D:4      | Found Thyrasa's Assorted Antiques.
  4906 | D:4      | Killed a phantom
  4952 | D:4      | Bought a fuming black potion for 20 gold pieces
  5096 | D:4      | Reached skill level 7 in Dodging
  5108 | D:5      | Entered Level 5 of the Dungeon
  5209 | D:5      | Noticed Duvessa
  5210 | D:5      | Noticed Dowan
  5446 | D:5      | Reached XP level 7. HP: 31/33 MP: 12/12
  5515 | D:5      | Got a brightly glowing iron ring
  5524 | D:5      | Found Gunickox's Antique Weapon Emporium.
  5638 | D:5      | Killed Duvessa
  5659 | D:5      | Killed from afar by Dowan
  5660 | D:5      | Reached XP level 6. HP: -4/29 MP: 10/10
  5684 | D:5      | Killed Dowan
  5742 | D:5      | Reached skill level 5 in Unarmed Combat
  6062 | D:5      | Acquired Trog's third power
  6238 | D:5      | Noticed Sigmund
  6250 | D:5      | Killed Sigmund
  6250 | D:5      | Reached XP level 7. HP: 33/33 MP: 12/12
  6360 | D:6      | Found a snail-covered altar of Cheibriados.
  6370 | D:6      | Found a blossoming altar of Fedhas.
  6431 | D:6      | Noticed Grinder
  6442 | D:6      | Killed Grinder
  6442 | D:6      | Reached skill level 5 in Fighting
  6442 | D:6      | Reached skill level 8 in Dodging
  6442 | D:6      | Reached skill level 5 in Stealth
  6773 | D:6      | Reached skill level 9 in Dodging
  6773 | D:6      | Reached XP level 8. HP: 37/37 MP: 13/13
  7506 | D:7      | Identified the cursed ring of Vanity {+Fly rF+ Int+1} (You found it on level 5 of the Dungeon)
  8361 | D:7      | Found a white marble altar of Elyvilon.
  8706 | D:8      | Reached XP level 9. HP: 34/41 MP: 15/15
  8711 | D:8      | Found Plog's Book Shop.
  8804 | D:8      | Reached skill level 10 in Dodging
  8814 | D:8      | Gained mutation: You are agile. (Dex +2) [mutagenic meat]
  8815 | D:8      | Gained mutation: You can spit poison. [mutagenic meat]
  9028 | D:8      | Identified Iskenderun's Grimoire of Conjuration and Contamination (You found it on level 8 of the Dungeon)
  9298 | D:8      | Noticed a troll
  9322 | D:8      | Killed a troll
  9329 | D:8      | Noticed a slime creature
  9335 | D:8      | Killed a slime creature
  9457 | D:8      | Found a basalt altar of Yredelemnul.
  9807 | D:8      | Found a sacrificial altar of Ru.
  9849 | D:8      | Found a glowing golden altar of the Shining One.
  9852 | D:8      | Found an ancient bone altar of Kikubaaqudgha.
  9869 | D:8      | Found a staircase to the Lair.
 10190 | D:8      | Noticed Psyche
 10227 | D:8      | Killed Psyche
 10713 | D:9      | Reached skill level 1 in Evocations
 10769 | D:9      | Reached skill level 11 in Dodging
 10780 | D:9      | Reached XP level 10. HP: 17/47 MP: 18/20
 11014 | D:9      | Found a radiant altar of Vehumet.
 11684 | D:10     | Entered Level 10 of the Dungeon
 11800 | D:10     | Noticed a griffon
 12321 | D:10     | Noticed a cyclops
 12407 | D:10     | Killed a cyclops
 12821 | D:11     | Found a staircase to the Orcish Mines.
 13132 | D:11     | Reached skill level 12 in Dodging
 13330 | D:11     | Reached skill level 5 in Evocations
 13339 | D:11     | Reached skill level 10 in Stealth
 13443 | D:11     | Noticed a purple ugly thing
 13471 | D:11     | Killed a purple ugly thing
 13471 | D:11     | Reached XP level 11. HP: 51/51 MP: 17/23
 14095 | D:11     | Reached skill level 10 in Unarmed Combat
 14242 | Orc:1    | Entered Level 1 of the Orcish Mines
 14272 | Orc:1    | Noticed Gastronok
 14390 | Lair:1   | Entered Level 1 of the Lair of Beasts
 15925 | Lair:2   | Noticed a four-headed hydra
 15940 | Lair:2   | Killed a four-headed hydra
 16989 | Lair:2   | Reached skill level 13 in Dodging
 17823 | Lair:3   | Gained mutation: Your thick and shaggy fur keeps you warm (AC +3, rC+). [growing up]
 17823 | Lair:3   | Gained mutation: You can jump attack at a long distance. [growing up]
 17823 | Lair:3   | Reached XP level 12. HP: 49/57 MP: 26/26
 18497 | Lair:3   | Found a hole to the Spider Nest.
 19898 | Lair:4   | Reached skill level 14 in Dodging
 20327 | Lair:4   | Found a staircase to the Shoals.
 21092 | Lair:5   | Gained mutation: Your body is slowly deteriorating. [potion of mutation]
 21092 | Lair:5   | Gained mutation: You are very agile. (Dex +4) [potion of mutation]
 21092 | Lair:5   | Gained mutation: You can spit moderately strong poison. [potion of mutation]
 21893 | Lair:6   | Identified a scroll of acquirement
 22069 | Lair:6   | Found a viscous altar of Jiyva.
 22069 | Lair:6   | Found a staircase to the Slime Pits.
 22136 | Lair:6   | Noticed a five-headed hydra
 22143 | Lair:6   | Killed a six-headed hydra
 22185 | Lair:6   | Noticed an eight-headed hydra
 22197 | Lair:6   | Killed a ten-headed hydra
 22205 | Lair:6   | Noticed a five-headed hydra
 22213 | Lair:6   | Killed a five-headed hydra
 22455 | Lair:6   | Reached skill level 15 in Dodging
 22455 | Lair:6   | Reached XP level 13. HP: 47/61 MP: 28/28
 23315 | Lair:7   | Reached skill level 10 in Fighting
 23914 | Lair:7   | Reached skill level 16 in Dodging
 24628 | Lair:7   | Got a scintillating bone ring
 25679 | Lair:8   | Entered Level 8 of the Lair of Beasts
 26097 | Lair:2   | Identified the cursed ring "Fren" {AC-3 Int+2} (You found it on level 7 of the Lair of Beasts)
 26294 | Orc:1    | Noticed Grum
 26296 | Orc:1    | Killed Gastronok
 26296 | Orc:1    | Reached XP level 14. HP: 64/66 MP: 28/28
 26300 | Orc:1    | Killed Grum
 26439 | Orc:1    | Noticed Maurice
 26460 | Orc:1    | Killed Maurice
 26548 | Orc:2    | Found a bloodstained altar of Trog.
 26600 | Orc:2    | Found a dark tunnel.
 26611 | Volcano  | Entered a volcano
 26895 | Volcano  | Found a radiant altar of Vehumet.
 26911 | Volcano  | Reached skill level 17 in Dodging
 27444 | Orc:2    | Found a bloodstained altar of Trog.
 28121 | Orc:3    | Found a roughly hewn altar of Beogh.
 28473 | Orc:4    | Entered Level 4 of the Orcish Mines
 28749 | Orc:4    | Found a staircase to the Elven Halls.
 28815 | Orc:4    | Found Zucauji's Jewellery Shop.
 28855 | Orc:4    | Noticed Urug
 28864 | Orc:4    | Killed Urug
 28874 | Orc:4    | Bought a cursed amulet of inaccuracy for 24 gold pieces
 29391 | Orc:4    | Paralysed by an orc sorcerer for 4 turns
 30745 | Orc:4    | Reached skill level 15 in Stealth
 31515 | Orc:4    | Found Ownas' Armour Shoppe.
 31515 | Orc:4    | Found Sul Pnua's Assorted Antiques.
 31515 | Orc:4    | Found Xoptood's Assorted Antiques.
 31527 | Orc:4    | Found Fim Efaq's Distillery.
 31541 | Orc:4    | Bought a potion of mutation for 40 gold pieces
 31541 | Orc:4    | Bought a potion of curing for 32 gold pieces
 31541 | Orc:4    | Bought a potion of heal wounds for 48 gold pieces
 31541 | Orc:4    | Bought a potion of cure mutation for 560 gold pieces
 31541 | Orc:4    | Bought a potion of curing for 32 gold pieces
 31541 | Orc:4    | Bought a potion of heal wounds for 48 gold pieces
 31541 | Orc:4    | Bought a potion of curing for 32 gold pieces
 31541 | Orc:4    | Bought a potion of haste for 112 gold pieces
 31541 | Orc:4    | Bought a potion of resistance for 112 gold pieces
 31543 | Orc:4    | Gained mutation: Your spells are a little harder to cast, but a little more powerful. [potion of mutation]
 31543 | Orc:4    | Lost mutation: Your spells are a little harder to cast, but a little more powerful. [potion of mutation]
 31543 | Orc:4    | Lost mutation: You are very agile. (Dex +4) [potion of mutation]
 31544 | Orc:4    | Bought a potion of heal wounds for 78 gold pieces
 31544 | Orc:4    | Bought 2 scrolls of identify for 104 gold pieces
 31544 | Orc:4    | Bought a blackened garnet ring for 130 gold pieces
 31548 | Orc:4    | Bought a plain deck of cards for 420 gold pieces
 32049 | Shoals:1 | Entered Level 1 of the Shoals
 32190 | Shoals:1 | Noticed Donald
 32202 | Shoals:1 | Killed Donald
 32341 | Spider:1 | Entered Level 1 of the Spider Nest
 33192 | Spider:1 | Gained mutation: You tend to lose your temper in combat. [potion of mutation]
 33192 | Spider:1 | Gained mutation: Space occasionally distorts in your vicinity. [potion of mutation]
 33194 | Spider:1 | Lost mutation: You tend to lose your temper in combat. [potion of cure mutation]
 33194 | Spider:1 | Lost mutation: You are agile. (Dex +2) [potion of cure mutation]
 33194 | Spider:1 | Lost mutation: You can spit moderately strong poison. [potion of cure mutation]
 33194 | Spider:1 | Lost mutation: You can spit poison. [potion of cure mutation]
 33194 | Spider:1 | Lost mutation: Space occasionally distorts in your vicinity. [potion of cure mutation]
 33483 | D:12     | Reached skill level 18 in Dodging
 33939 | D:12     | Gained mutation: You are somewhat resistant to further mutation. [mutagenic meat]
 33972 | D:12     | Found Stotiuci's Weapon Shop.
 34840 | D:13     | Found Useyraat's Armour Shop.
 35400 | D:14     | Found Peckir's Assorted Antiques.
 35452 | D:14     | Bought a scroll labeled ISYKHEA KHES for 33 gold pieces
 35452 | D:14     | Bought an oily purple potion for 29 gold pieces
 35460 | D:14     | Found Gadodiq's Assorted Antiques.
 35480 | D:14     | Found a gate to the Vaults.
 35515 | D:14     | Reached XP level 15. HP: 38/71 MP: 18/29
 35876 | D:14     | Found Faemeec's Antique Armour Boutique.
 36048 | D:14     | Gained mutation: You are partially covered in slimy green scales (AC +2). [mutagenic meat]
 36158 | D:14     | Found Samovam's Magic Scroll Shop.
 36173 | D:14     | Bought a scroll of recharging for 133 gold pieces
 36173 | D:14     | Bought a scroll of summoning for 133 gold pieces
 36173 | D:14     | Bought a scroll of teleportation for 42 gold pieces
 36173 | D:14     | Bought a scroll of recharging for 133 gold pieces
 36173 | D:14     | Bought a scroll of teleportation for 42 gold pieces
 36717 | D:14     | Found Plog's Distillery.
 37170 | D:15     | Entered Level 15 of the Dungeon
 37260 | D:15     | Found Braf's Magic Scroll Shoppe.
 37284 | D:15     | Found a labyrinth entrance.
 37286 | D:15     | Found a blossoming altar of Fedhas.
 37292 | Lab      | Entered a labyrinth
 38222 | D:15     | Found a staircase to the Depths.
 38350 | D:15     | Reached skill level 19 in Dodging
 39555 | Shoals:1 | Reached skill level 15 in Unarmed Combat
 39658 | Shoals:1 | Noticed Roxanne
 39974 | Shoals:1 | Noticed a kraken
 39983 | Shoals:1 | Noticed Nessos
 39996 | Shoals:1 | Killed Nessos
 40022 | Shoals:1 | HP: 5/108 [merfolk/spear (12)]
 40031 | Shoals:1 | HP: 5/108 [merfolk/spear (1)]
 40465 | Shoals:1 | HP: 3/72 [manticore (17)]
 40465 | Shoals:1 | Slain by a manticore
 40466 | Shoals:1 | Reached XP level 14. HP: -5/69 MP: 0/29
 40552 | Shoals:1 | Killed Roxanne
 40715 | Shoals:2 | Found Uwou's Weapon Shoppe.
 40799 | Shoals:2 | Found Zora's Antique Armour Shop.
 40855 | Shoals:2 | Found Pluasau's Assorted Antiques.
 41606 | Shoals:2 | Noticed an octopode crusher
 41643 | Shoals:2 | Found Khiatsienn's Assorted Antiques.
 41659 | Shoals:2 | Bought a scroll of teleportation for 117 gold pieces
 41659 | Shoals:2 | Bought a shimmering jade amulet for 195 gold pieces
 41663 | Shoals:2 | Identified the amulet "Piuq" {+Rage Int+4} (You bought it in a shop on level 2 of the Shoals)
 41684 | Shoals:2 | Reached XP level 15. HP: 61/72 MP: 3/29
 41932 | Shoals:2 | Reached skill level 20 in Dodging
 42365 | Shoals:2 | Found Dokog's Gadget Boutique.
 43204 | Shoals:3 | Found Kiadio's Book Shoppe.
 44492 | Shoals:5 | Entered Level 5 of the Shoals
 45283 | Lair:8   | Found a viscous altar of Jiyva.
 45287 | Lair:8   | Found a staircase to the Slime Pits.
 46925 | Lair:8   | Reached skill level 21 in Dodging
 47510 | Elf:1    | Entered Level 1 of the Elven Halls
 47969 | Elf:1    | Reached XP level 16. HP: 75/77 MP: 30/30
 48659 | Elf:1    | Noticed Harold
 48677 | Elf:1    | Killed Harold
 50051 | Slime:1  | Entered Level 1 of the Pits of Slime
 53761 | Shoals:5 | Noticed Polyphemus
 53908 | Shoals:5 | Killed Polyphemus
 54584 | Shoals:5 | Reached skill level 22 in Dodging
 54761 | Shoals:5 | Noticed Ilsuiw
 55294 | Shoals:5 | Got a barnacled rune of Zot
 55801 | Vaults:1 | Entered Level 1 of the Vaults
 55874 | Vaults:1 | Reached XP level 17. HP: 82/82 MP: 27/31
 56776 | Vaults:1 | Noticed Kashira's ghost (powerful FeIE)
 56831 | Vaults:1 | Killed Kashira's ghost
 58268 | Vaults:1 | Gained mutation: Your body is misshapen. [mutagenic meat]
 58269 | Vaults:1 | Gained mutation: You are frail (-10% HP). [mutagenic meat]
 58275 | Vaults:1 | Gained mutation: You are very frail (-20% HP). [mutagenic meat]
 58557 | D:14     | Bought a potion of cure mutation for 490 gold pieces
 58558 | D:14     | Lost mutation: You are very frail (-20% HP). [potion of cure mutation]
 58558 | D:14     | Lost mutation: Your body is slowly deteriorating. [potion of cure mutation]
 58558 | D:14     | Lost mutation: You are frail (-10% HP). [potion of cure mutation]
 58558 | D:14     | Lost mutation: You are somewhat resistant to further mutation. [potion of cure mutation]
 58819 | Vaults:1 | Gained mutation: Your body is slowly deteriorating. [mutagenic meat]
 58820 | Vaults:1 | Gained mutation: You have difficulty communicating with the divine. [mutagenic meat]
 58870 | Vaults:2 | Reached skill level 23 in Dodging
 60459 | Vaults:2 | HP: 4/83 [vault warden/glowing war axe (6)]
 60461 | Vaults:2 | Slain by a vault warden
 60462 | Vaults:2 | Reached XP level 16. HP: 0/118 MP: 0/30
 60678 | Vaults:2 | Reached XP level 17. HP: 61/84 MP: 14/31
 61038 | Vaults:2 | Found a gateway to a bazaar.
 61256 | Vaults:2 | Noticed Wiglaf
 61299 | Vaults:2 | Killed Wiglaf
 61636 | Vaults:2 | Noticed a tentacled monstrosity
 61646 | Vaults:2 | Killed a tentacled monstrosity
 62327 | Vaults:2 | HP: 3/84 [orc warrior/short sword[an orc knight] (13)]
 62587 | Vaults:2 | Found a staircase to the Crypt.
 62587 | Vaults:2 | Found a basalt altar of Yredelemnul.
 62588 | Vaults:2 | Found an ancient bone altar of Kikubaaqudgha.
 63715 | Vaults:3 | Reached skill level 24 in Dodging
 64136 | Vaults:3 | Gained mutation: You passively map a small area around you. [mutagenic meat]
 64671 | Vaults:3 | Gained mutation: You can breathe flames. [mutagenic meat]
 64689 | Vaults:3 | Found a roughly hewn altar of Beogh.
 65232 | Vaults:3 | Noticed a tentacled monstrosity
 65236 | Vaults:3 | Reached XP level 18. HP: 64/88 MP: 23/32
 66548 | Vaults:4 | Found Giopsou's General Store.
 66558 | Vaults:4 | Giopsou's General Store was a mimic.
 66649 | Vaults:4 | Reached skill level 15 in Fighting
 66659 | Vaults:4 | Noticed a lich
 66676 | Vaults:4 | Killed a lich
 67210 | Vaults:3 | Killed a tentacled monstrosity
 68890 | Vaults:4 | Mangled by a stone giant
 68891 | Vaults:4 | Reached XP level 17. HP: -7/85 MP: 0/31
 69496 | Vaults:4 | Reached XP level 18. HP: 40/90 MP: 10/32
 70278 | Vaults:4 | Killed from afar by a frost giant
 70279 | Vaults:4 | Reached XP level 17. HP: -16/86 MP: 0/31
 70509 | Depths:1 | Entered Level 1 of the Depths
 70727 | Depths:1 | Gained mutation: You are robust (+10% HP). [mutagenic meat]
 71792 | Depths:1 | Found a gateway to Hell.
 72525 | Depths:1 | Reached XP level 18. HP: 85/100 MP: 32/32
 72623 | Depths:1 | Found a shimmering altar of Xom.
 72997 | Depths:2 | Noticed a lich
 73016 | Depths:2 | Killed a lich
 73562 | Depths:2 | Found Naonuulu's Food Emporium.
 73567 | Depths:2 | Found Khudir's Jewellery Shop.
 73824 | Depths:2 | Found a glowing golden altar of the Shining One.
 74106 | Depths:2 | Gained mutation: Your mind is acute. (Int +2) [mutagenic meat]
 74107 | Depths:2 | Lost mutation: Your body is slowly deteriorating. [mutagenic meat]
 74108 | Depths:2 | Gained mutation: You heal slowly when monsters are visible. [mutagenic meat]
 74327 | Depths:2 | Found Skauhua's Armour Shop.
 74371 | Depths:2 | Found a gateway to Hell.
 74639 | Depths:2 | Lost mutation: Your body is misshapen. [mutagenic meat]
 75006 | Depths:2 | HP: 5/102 [hell knight/puff of flame (4)]
 75009 | Depths:2 | HP: 1/102 [ice dragon/blast of cold (26)]
 76071 | Depths:2 | Slain by an ettin

Action                   |  1- 3 |  4- 6 |  7- 9 | 10-12 | 13-15 | 16-18 || total
-------------------------+-------+-------+-------+-------+-------+-------++-------
Melee: Unarmed           |    85 |   274 |   397 |   806 |  2505 |  3523 ||  7590
Invok: Berserk           |     1 |     9 |     9 |    18 |    31 |    35 ||   103
       Brothers in Arms  |       |       |     5 |    16 |    36 |    41 ||    98
       Trog's Hand       |       |       |     1 |     2 |    14 |    25 ||    42
 Abil: Jump Attack       |     2 |     4 |       |       |     1 |     3 ||    10
       Spit Poison       |       |       |     1 |     1 |       |       ||     2
       Breathe Fire      |       |       |       |       |       |     8 ||     8
Evoke: Wand              |       |       |       |    26 |     7 |    14 ||    47
       Fan of gales      |       |       |       |     1 |     2 |     3 ||     6
  Use: Scroll            |       |     8 |     3 |    10 |    21 |    10 ||    52
       Potion            |       |     2 |       |     2 |     9 |    18 ||    31
 Stab: Sleeping          |     7 |    12 |    15 |    57 |    91 |    88 ||   270
       Distracted        |       |     2 |       |     7 |    20 |    26 ||    55
       Confused          |       |       |       |     2 |     1 |       ||     3
  Eat: Chunk             |    10 |    13 |    21 |    48 |    98 |   141 ||   331
       Royal jelly       |       |       |     1 |       |       |       ||     1
